 Dungeon Crawl Stone Soup version 0.24.0-13-gcf9b319 (webtiles) character file.

Game seed: 6149360119213991042, levelgen mode: deterministic

101 Bitman the Distorting Demonspawn (level 4, -2/35 HPs)
             Began as a Demonspawn Abyssal Knight on Mar 4, 2020.
             Was a Believer of Lugonu.
             Slain by an adder (4 damage)
             ... on level 3 of the Dungeon.
             The game lasted 00:11:52 (1989 turns).

Bitman the Distorting Demonspawn (DsAK)             Turns: 1989, Time: 00:11:54

Health: -2/35      AC:  5    Str: 13    XL:     4   Next: 48%
Magic:  6/6        EV: 13    Int: 13    God:    Lugonu [**....]
Gold:   82         SH:  7    Dex: 18    Spells: 3/3 levels left

rFire    . . .     SeeInvis .   a - +1 falchion
rCold    + . .     Gourm    .   k - +0 shield
rNeg     . . .     Faith    .   j - +0 ring mail
rPois    .         Spirit   .   (no helmet)
rElec    .         Reflect  .   (no cloak)
rCorr    .         Harm     .   (no gloves)
MR       .....                  (no boots)
Stlth    ++........             (no amulet)
HPRegen  0.11/turn              (no ring)
MPRegen  0.10/turn              (no ring)

@: agile
A: cold resistance 1, powered by death 1
a: Depart the Abyss, Bend Space, Renounce Religion


You were on level 3 of the Dungeon.
You worshipped Lugonu.
Lugonu was pleased with you.
You were hungry.

You visited 1 branch of the dungeon, and saw 3 of its levels.
You visited the Abyss 1 time.

You collected 82 gold pieces.

Inventory:

Hand Weapons
 a - a +1 falchion (weapon)
 i - a +2 short sword of venom
Missiles
 d - 22 stones (quivered)
Armour
 j - a +0 ring mail (worn)
 k - a +0 shield (worn)
Scrolls
 e - 3 scrolls of identify {unknown}
 f - 4 scrolls of remove curse {unknown}
 g - a scroll of fog {unknown}
 h - a scroll of teleportation {unknown}
Comestibles
 c - 2 rations


   Skills:
 + Level 3.5 Fighting
 * Level 2.8 Long Blades
 - Level 1.8 Armour
 + Level 1.9 Dodging
 + Level 0.3 Shields
 + Level 3.6 Invocations


You had 3 spell levels left.
You didn't know any spells.
Your spell library was empty.

Dungeon Overview and Level Annotations

Branches:
Dungeon (3/15)

Altars:


Innate Abilities, Weirdness & Mutations

Your flesh is cold resistant. (rC+)
You regenerate a little health from kills.


Message History

The bat barely misses you. The bat barely misses you.
You are too injured to fight recklessly!
You are too injured to fight recklessly!
You are too injured to fight recklessly!
You are too injured to fight recklessly!
You hit the hobgoblin but do no damage. The bat misses you.
You block the adder's attack. The adder closely misses you.
The hobgoblin misses you.
You hit the hobgoblin.
You kill the hobgoblin!
Lugonu accepts your kill. The bat misses you.
The adder bites you but does no damage. x2
The frilled lizard misses you. You block the hobgoblin's attack.
You hit the hobgoblin.
The hobgoblin is moderately wounded.
You block the adder's attack. You block the bat's attack.
The frilled lizard bites you but does no damage.
You block the hobgoblin's attack. The adder bites you.
You die...

.......$..........lo........
.###+###.#......###.........
.# ..##....############ .#
.......K...# .+
.....#.....## .#
.#.###.r.w..##### .#
....####o........ .#
..#....bgS.##### ..
######@l## ####


You could see a worm, an adder, an orc, a hobgoblin, a bat, a kobold, a frilled
lizard and a rat.

Vanquished Creatures
  5 gnolls
  A dart slug (D:3)
  2 leopard geckos
  2 orcs (D:3)
  4 bats (D:1)
  2 giant cockroaches
  3 goblins (D:1)
  4 hobgoblins
  8 jackals (D:1)
  4 frilled lizards
  4 kobolds (D:1)
  4 rats
43 creatures vanquished.

Notes
Turn   | Place    | Note
-------+----------+-------------------------------------------
     0 | Abyss:1  | Bitman the Demonspawn Abyssal Knight began the quest for
                  | the Orb.
     0 | Abyss:1  | Reached XP level 1. HP: 18/18 MP: 2/2
    22 | D:1      | Escaped the Abyss
   190 | D:1      | Reached skill level 1 in Dodging
   206 | D:1      | Gained mutation: You regenerate a little health from kills.
                  | [demonic ancestry]
   206 | D:1      | Reached XP level 2. HP: 18/24 MP: 4/4
   499 | D:1      | Reached XP level 3. HP: 26/29 MP: 5/5
   541 | D:1      | Reached ** piety under Lugonu
  1241 | D:2      | Gained mutation: Your flesh is cold resistant. (rC+)
                  | [demonic ancestry]
  1241 | D:2      | Reached XP level 4. HP: 16/35 MP: 6/6
  1965 | D:3      | HP: 1/35 [hobgoblin (2)]
  1981 | D:3      | HP: 1/35 [bat (1)]
  1989 | D:3      | Slain by an adder

Levels and vault maps discovered:
D:1:      arrival_zaba_pyramid, layout_basic
D:2:      layout_rooms, nicolae_overflow_crystal_walls, evilmike_ruin_ashenzari
D:3:      layout_rooms, lemuel_doored_altar, zin_angel, uniq_ijyb

Skill      XL: |  1  2 |
---------------+-------+-----
Dodging        | 1 |  1.9
Long Blades    | 2 |  2.8
Invocations    | 3 |  3.6
Fighting       | |  3.5
Armour         | |  1.8
Shields        | |  0.3

Action                   |  1- 3 |  4- 6 || total
-------------------------+-------+-------++-------
Melee: Falchion          |    91 |    44 ||   135
Invok: Bend Space        |       |     2 ||     2
  Use: Potion            |       |     1 ||     1
  Eat: Chunk             |       |     3 ||     3
Armor: Leather armour    |    17 |       ||    17
       Ring mail         |    12 |    26 ||    38
Dodge: Dodged            |    67 |    47 ||   114
Block: Shield            |       |    37 ||    37
       Rpst.: Falchion   |    17 |    14 ||    31
